 Dungeon Crawl Stone Soup version 0.18-a0-1180-g64ccc1e (webtiles) character file.

4771 kae the Martial Artist (level 10, -3/70 HPs)
             Began as a Demonspawn Monk on Jan 27, 2016.
             Slain by a two-headed ogre
             ... wielding a +0 giant spiked club
              (17 damage)
             ... on level 8 of the Dungeon.
             The game lasted 00:09:04 (7161 turns).

kae the Martial Artist (Demonspawn Monk)            Turns: 7161, Time: 00:09:04

Health: -3/70      AC:  7    Str: 12    XL:     10   Next: 23%
Magic:  0/10       EV:  9    Int: 11    God:
Gold:   280        SH:  0    Dex: 22    Spells: 0 memorised, 9 levels left

rFire  . . .     SeeInvis .       - Unarmed
rCold  . . .     Gourm    .     a - +1 robe
rNeg   . . .     Faith    .     (no shield)
rPois  +         Spirit   +     (no helmet)
rElec  .         Dismiss  .     u - +0 cloak
rCorr  .         Reflect  .     o - +0 pair of gloves
SustAt .         Harm     .     (boots unavailable)
MR     .....                    A - amulet of rage
Stlth  ++........               t - +3 ring of dexterity
                                l - ring of poison resistance

@: not resistant to hostile enchantments, unstealthy
A: hooves 3, yellow scales 1, spiny 2, magic shield
a: Evoke Berserk Rage


You were on level 8 of the Dungeon.
You were not hungry.

You visited 2 branches of the dungeon, and saw 10 of its levels.

You collected 329 gold pieces.
You spent 49 gold pieces at shops.

Inventory:

Hand Weapons
 x - the +5 long sword "Grim" {slice, +Rage rElec rF+ rN+, unknown}
   (You found it on level 7 of the Dungeon)

   It inflicts extra damage upon your enemies.
   It protects you from fire.
   It insulates you from electricity.
   It protects you from negative energy.
   It lets you go berserk.
Armour
 a - a +1 robe (worn)
 o - a +0 pair of gloves (worn)
 u - a +0 cloak (worn)
Jewellery
 l - a ring of poison resistance (left hand)
 m - an uncursed ring of wizardry
 q - an uncursed ring of protection from cold
 s - an uncursed ring of wizardry
 t - a +3 ring of dexterity (right hand)
 A - an amulet of rage (around neck)
Wands
 r - a wand of paralysis (9/24)
 y - a wand of disintegration (17/24)
 z - a wand of magic darts (29/48)
Scrolls
 f - 3 scrolls of enchant weapon
 n - 3 scrolls of remove curse
 v - a scroll of amnesia
 w - a scroll of enchant armour
 G - a scroll of torment {unknown}
Potions
 d - a potion of lignification
 e - a potion of mutation {unknown}
 h - 4 potions of curing
 j - 4 potions of agility
 k - 2 potions of invisibility
 p - a potion of brilliance {unknown}
 C - 3 potions of poison
 D - 2 potions of heal wounds
Comestibles
 b - 5 bread rations
 c - 4 meat rations
 g - 4 slices of pizza
 i - a beef jerky
 B - 26 fruits
 E - 2 royal jellies


   Skills:
 - Level 3.0 Fighting
 - Level 2.6 Dodging
 - Level 1.7 Stealth
 + Level 13.7 Unarmed Combat


You had 9 spell levels left.
You didn't know any spells.

Dungeon Overview and Level Annotations

Branches:
Dungeon (9/15)             Temple (1/1) D:7            Lair (0/8) D:9
    Orc: D:9-12

Altars:
Ashenzari
Dithmenos
Elyvilon
Kikubaaqudgha
Okawaru
Qazlal
Ru
Trog
Vehumet
Xom
Yredelemnul
The Shining One

Shops:
D:4 [


Innate Abilities, Weirdness & Mutations

You have hooves in place of feet.
You are partially covered in yellow scales (AC +2).
You are mostly covered in sharp spines.
When hurt, damage is shared between your health and your magic reserves.


Message History

Okay, then.
Evoke which item? (* to show all) (? for menu, Esc to quit)
Zapping:
r - a wand of paralysis (will waste charges)
Press: ? - help, Shift-Dir - straight line, f - two-headed ogre
Aim: a two-headed ogre, wielding two giant clubs (chance to defeat MR: 28%)
The two-headed ogre suddenly stops moving!
Evoking this partially-identified wand wasted a few charges.
All of the chunks of flesh in your inventory have rotted away.
There is a stone staircase leading up here.
You climb upwards.
There is a stone staircase leading down here.
Unknown command.
You start resting.
The two-headed ogre shouts in stereo!
Things that are here:
3 stones; a short sword
There is an escape hatch in the ceiling here.
The two-headed ogre is struck by your spines.
The two-headed ogre hits you with a giant spiked club!!
You die...

#......###..## #.## #.......##.
#......# ##..# ##.# #........##
###....# #..## #..# #.....P.##.
##....## ##..###..# ##........#.
##......## #.......###........###
.........###..####...............
..........#...###.............##.
.............###....(........####
#........#...##.@...).......## #
#........##......O(.(......## #
#........##......(........### ###
#.........#.................###..
#..#........######....#..........
#.##........## ###..#........##
#.##.....<...# ##....###...##
#..#....###..## ##...####...#
...#...## #...# ##....###....


You could see a two-headed ogre.

Vanquished Creatures
  Maurice (D:8)
  5 yaks (D:9)
  A wyvern (D:8)
  A hippogriff (D:7)
  Menkaure (D:6)
  A water moccasin (D:7)
  2 black bears
  An orc warrior (D:6)
  2 sky beasts
  An ogre (D:8)
  2 ice beasts
  2 centaurs
  2 big kobolds (D:8)
  6 giant frogs
  A wyvern skeleton (D:7)
  2 scorpions
  11 killer bees
  3 crimson imps
  2 giant frog zombies
  5 hounds
  A jelly (D:7)
  2 orc priests
  2 giant frog skeletons
  3 iguanas
  9 orc wizards
  8 worker ants
  A hound skeleton (D:9)
  11 adders
  2 shadow imps
  An ooze (D:7)
  2 adder skeletons
  3 worms
  26 orcs
  10 bats
  5 giant cockroaches
  8 goblins
  5 hobgoblins
  8 jackals
  14 kobolds
  3 quokkas
  A ball python (D:1)
  A giant newt (D:2)
  A quokka skeleton (D:6)
  4 rats
183 creatures vanquished.

Notes
Turn   | Place    | Note
--------------------------------------------------------------
     0 | D:1      | kae the Demonspawn Monk began the quest for the Orb.
     0 | D:1      | Reached XP level 1. HP: 18/18 MP: 1/1
   235 | D:1      | Reached skill level 4 in Unarmed Combat
   278 | D:1      | Gained mutation: When hurt, damage is shared between your health and your magic reserves. [demonic ancestry]
   278 | D:1      | Reached XP level 2. HP: 24/24 MP: 2/2
   925 | D:2      | Reached XP level 3. HP: 14/29 MP: 1/3
  1613 | D:3      | Gained mutation: You have large cloven feet. [potion of beneficial mutation]
  1728 | D:3      | Found a stormy altar of Qazlal.
  1738 | D:3      | Noticed a giant frog
  1744 | D:3      | Killed a giant frog
  1744 | D:3      | Reached skill level 5 in Unarmed Combat
  1744 | D:3      | Gained mutation: You have hoof-like feet. [demonic ancestry]
  1744 | D:3      | Reached XP level 4. HP: 33/35 MP: 4/4
  1876 | D:3      | Found a faded altar to an unknown god.
  2218 | D:4      | Found a basalt altar of Yredelemnul.
  2271 | D:4      | Gained mutation: You are partially covered in sharp spines. [demonic ancestry]
  2271 | D:4      | Reached XP level 5. HP: 33/41 MP: 2/5
  2272 | D:4      | Reached skill level 6 in Unarmed Combat
  2326 | D:4      | Found Luafe's Armour Shop.
  2334 | D:4      | Bought a +0 pair of gloves for 49 gold pieces
  2508 | D:4      | Gained mutation: You are partially covered in yellow scales (AC +2). [demonic ancestry]
  2508 | D:4      | Reached XP level 6. HP: 34/47 MP: 4/6
  2715 | D:4      | Found a white marble altar of Elyvilon.
  2780 | D:4      | Reached skill level 7 in Unarmed Combat
  3015 | D:5      | Entered Level 5 of the Dungeon
  3310 | D:5      | Gained mutation: You have hooves in place of feet. [demonic ancestry]
  3310 | D:5      | Reached XP level 7. HP: 52/52 MP: 7/7
  3318 | D:5      | Reached skill level 8 in Unarmed Combat
  3484 | D:5      | Found a shattered altar of Ashenzari.
  3893 | D:6      | Reached skill level 9 in Unarmed Combat
  3943 | D:6      | Noticed Menkaure
  4047 | D:6      | Killed Menkaure
  4047 | D:6      | Gained mutation: You are mostly covered in sharp spines. [demonic ancestry]
  4047 | D:6      | Reached XP level 8. HP: 34/58 MP: 4/8
  4531 | D:6      | Reached skill level 10 in Unarmed Combat
  4648 | D:7      | Got a twisted long sword
  4881 | D:7      | Found a staircase to the Ecumenical Temple.
  4891 | Temple   | Entered the Ecumenical Temple
  5073 | D:7      | Reached skill level 11 in Unarmed Combat
  5221 | D:7      | Found an iron altar of Okawaru.
  5288 | D:7      | Reached XP level 9. HP: 55/63 MP: 7/9
  5712 | D:8      | Reached skill level 12 in Unarmed Combat
  6079 | D:8      | Noticed Maurice
  6102 | D:8      | Killed Maurice
  6102 | D:8      | Reached skill level 13 in Unarmed Combat
  6640 | D:8      | Reached XP level 10. HP: 63/70 MP: 8/10
  6921 | D:9      | Found a staircase to the Lair.
  6948 | D:9      | Found a flagged portal.
  7102 | D:9      | Found an ancient bone altar of Kikubaaqudgha.
  7161 | D:8      | Slain by a two-headed ogre

Vault maps used:
D:1:      scummos_arrival_hexagon, minivault_19
D:2:      grunt_ministairs_2
D:3:      first_bread, ecumenical_altar_2, grunt_qazlal_sundering
D:4:      kennysheep_ying_yang, serial_shops, shop,
          hangedman_abyss_or_decor_stabs
D:5:      basic_altar
D:6:      uniq_menkaure
D:7:      old_standard_altar, minmay_temple_entry_hall
D:8:      black_bear_nest_1, blue_anna_alchemist, grunt_tough_drop, uniq_maurice
D:9:      grunt_temple_overflow_open, nicolae_overflow_hidden_temple,
          kiku_gazebo_pond_becter, lair_0_dummy, enter_bailey_3,
          minmay_statues_item
Temple:   temple_island_7

Action                   |  1- 3 |  4- 6 |  7- 9 | 10-12 || total
-------------------------+-------+-------+-------+-------++-------
Melee: Unarmed           |   117 |    85 |   235 |    48 ||   485
Evoke: Wand              |       |       |       |     1 ||     1
  Use: Scroll            |     8 |     2 |     4 |     2 ||    16
       Potion            |     1 |       |       |       ||     1
 Stab: Sleeping          |     7 |     2 |     5 |     2 ||    16
       Distracted        |       |       |     1 |       ||     1
  Eat: Chunk             |     3 |     5 |    10 |     2 ||    20
